 Dungeon Crawl Stone Soup version 0.16-a0-3048-ga57d61f (webtiles) character file.

2026 Demise101 the Caregiver (level 9, -1/69 HPs)
             Began as a Formicid Healer on Dec 9, 2014.
             Was a Believer of Elyvilon.
             Slain by a killer bee (3 damage)
             ... on level 7 of the Dungeon.
             The game lasted 00:14:24 (9282 turns).

Demise101 the Caregiver (Formicid Healer)           Turns: 9282, Time: 00:14:24

Health: -1/69      AC: 10    Str: 20    XL:     9   Next: 47%
Magic:  25/25      EV:  7    Int: 12    God:    Elyvilon [**....]
Gold:   176        SH:  0    Dex: 10    Spells: 0 memorised, 8 levels left

rFire  . . .     SeeInvis +     x - +6 long sword (elec)
rCold  . . .     Clarity  .     g - +1 chain mail
rNeg   . . .     SustAb   .     (no shield)
rPois  .         Gourm    .     (helmet unavailable)
rElec  .         Spirit   .     (no cloak)
rCorr  .         Warding  .     f - +0 pair of gloves
rMut   .         Stasis   +     (no boots)
MR     .....                    (no amulet)
Stlth  ..........               (no ring)
                                (no ring)

@: lethally poisoned, drained, not resistant to hostile enchantments, extremely
unstealthy
A: permanent stasis, dig shafts and tunnels, four strong arms, antennae 3
a: Dig, Shaft Self, Lesser Healing, Lesser Self-Healing, Divine Protection,
Purification, Renounce Religion


You were on level 7 of the Dungeon.
You worshipped Elyvilon.
Elyvilon was pleased with you.
You were not hungry.

You visited 1 branch of the dungeon, and saw 8 of its levels.

You collected 308 gold pieces.
You spent 132 gold pieces at shops.

Inventory:

Hand weapons
 c - a +0 club
 d - a +0 trident
 x - a +6 long sword of electrocution (weapon)
Missiles
 l - 10 javelins (quivered)
Armour
 a - a +1 robe
 f - a +0 pair of gloves (worn)
 g - a +1 chain mail (worn)
Jewellery
 q - an uncursed ring of invisibility
Magical devices
 v - a wand of frost (14)
 C - a wand of disintegration (22)
Scrolls
 b - 4 scrolls of identify
 e - 3 scrolls of fog
 o - a scroll of amnesia
 t - 2 scrolls of remove curse
 y - a scroll of noise
Potions
 m - 5 potions of curing
 p - a potion of heal wounds
 r - a potion of cure mutation {!q}
 z - a potion of brilliance
Books
 i - a book of the Warp

   Spells                             Type                      Level
   a - Recall                         Summoning/Translocation      3
   b - Control Teleport               Charms/Translocation         4
   c - Force Lance                    Conjuration/Translocation    4
   d - Phase Shift                    Translocation                5
   e - Warp Weapon                    Charms/Translocation         5
   f - Summon Forest                  Summoning/Translocation      5
   g - Gell's Gravitas                Hexes/Translocation          6
 D - a book of Summonings

   Spells                             Type                      Level
   a - Abjuration                     Summoning                    3
   b - Recall                         Summoning/Translocation      3
   c - Shadow Creatures               Summoning                    5
   d - Summon Demon                   Summoning                    5
   e - Summon Forest                  Summoning/Translocation      5
   f - Monstrous Menagerie            Summoning                    6
Comestibles
 h - a bread ration
 n - a beef jerky
 B - a slice of pizza
 E - a meat ration


   Skills:
 + Level 5.9(5.5) Fighting
 - Level 1.7(1.4) Dodging
 * Level 12.5(12.1) Invocations


You had 8 spell levels left.
You didn't know any spells.

Dungeon Overview and Level Annotations

Branches:
Dungeon (8/15)             Temple (0/1) D:7            Lair (0/8) D:8

Altars:
Ashenzari
Dithmenos
Elyvilon
Gozag
Okawaru
Sif Muna
Zin
The Shining One

Shops:
D:4 }}}}   D:5 :

Annotations:
D:8 Fiveotanaka's ghost, experienced TrMo; Gastronok


Innate Abilities, Weirdness & Mutations

You are under a permanent stasis effect.
You can dig through walls and to a lower floor.
Your four strong arms can wield two-handed weapons with a shield.
You have a pair of large antennae on your head (SInv).


Message History

The killer bee is heavily wounded.
You feel sick. The killer bee stings you.
* * * LOW HITPOINT WARNING * * *
The killer bee stings you.
* * * LOW HITPOINT WARNING * * *
The killer bee closely misses you.
Unknown command.
You closely miss the killer bee.
The killer bee is heavily wounded.
You feel sick.
The killer bee stings you but does no damage.
The killer bee stings you!
* * * LOW HITPOINT WARNING * * *
The killer bee stings you.
* * * LOW HITPOINT WARNING * * *
Unknown command.
You closely miss the killer bee.
The killer bee is heavily wounded.
The killer bee stings you.
You die...

### #.## #... #.##
##########.##
#..........##
###.###########
####.....# #
#@##.....# #
##y#.....#########
#h>..............
#.......#########
#................
##'##.##.########
#...............
#.......<.......
#.##############


You could see a hound and a killer bee.

Vanquished Creatures
  The ghost of Minkie the Poker, an experienced DsWr of Kikubaaqudgha (D:5)
  3 phantoms (D:6)
  An eye of draining (D:6)
  2 ogres
  A centaur (D:7)
  A giant frog (D:6)
  2 scorpions
  A killer bee (D:7)
  A centaur zombie (D:6)
  A giant frog zombie (D:6)
  A crimson imp (D:6)
  2 goliath beetles
  A giant frog skeleton (D:4)
  A jelly (D:7)
  2 orc wizards (D:7)
  6 worker ants
  Ijyb (D:2)
  A worker ant zombie (D:7)
  2 adders
  A giant mite (D:4)
  5 worms
  3 giant geckos
  16 orcs
  A bat zombie (D:4)
  9 goblins
  4 hobgoblins
  4 jackals
  3 quokkas
  6 bats
  2 giant cockroaches (D:1)
  2 giant newts
  2 kobolds
  8 rats
  2 butterflies (D:7)
99 creatures vanquished.

Vanquished Creatures (others)
  An orc priest (D:5)
  3 orc wizards
  A gnoll (D:5)
  An ooze (D:1)
  7 orcs
  A hobgoblin (D:1)
  A giant newt (D:2)
  2 jackals (D:3)
  2 kobolds (D:1)
  A rat (D:1)
20 creatures vanquished.

Grand Total: 119 creatures vanquished

Notes
Turn   | Place    | Note
--------------------------------------------------------------
     0 | D:1      | Demise101, the Formicid Healer, began the quest for the Orb.
     0 | D:1      | Reached XP level 1. HP: 15/15 MP: 2/2
   483 | D:1      | Elyvilon protects you from harm!
   802 | D:1      | Reached XP level 2. HP: 9/21 MP: 2/5
   972 | D:1      | Reached skill level 4 in Invocations
  1515 | D:2      | Noticed Ijyb
  1667 | D:2      | Killed Ijyb
  1667 | D:2      | Reached skill level 5 in Invocations
  1667 | D:2      | Reached XP level 3. HP: 9/26 MP: 7/7
  2136 | D:2      | Reached XP level 4. HP: 27/32 MP: 9/9
  3009 | D:3      | Reached skill level 6 in Invocations
  3270 | D:3      | Found a shattered altar of Ashenzari.
  3303 | D:3      | Reached XP level 5. HP: 34/37 MP: 13/13
  3609 | D:4      | Found Xecen's Gadget Shop.
  3615 | D:4      | Acquired Elyvilon's third power
  3970 | D:4      | Reached skill level 7 in Invocations
  4052 | D:4      | Noticed an ogre
  4068 | D:4      | Killed an ogre
  4068 | D:4      | Reached XP level 6. HP: 18/43 MP: 15/17
  4258 | D:4      | Noticed Natasha
  4260 | D:4      | Pacified Natasha
  4334 | D:4      | Found Yziptoku's Gadget Shoppe.
  4336 | D:4      | Reached skill level 8 in Invocations
  4906 | D:4      | Found Frosiohu's Gadget Shoppe.
  5283 | D:4      | Found Pruoguy's Gadget Emporium.
  5328 | D:4      | Reached XP level 7. HP: 16/48 MP: 16/19
  5540 | D:4      | Bought a wand of disintegration (8) for 132 gold pieces
  5768 | D:5      | Entered Level 5 of the Dungeon
  5779 | D:5      | Reached skill level 9 in Invocations
  6016 | D:5      | Noticed Minkie's ghost (experienced DsWr)
  6033 | D:5      | Killed Minkie's ghost
  6033 | D:5      | Reached skill level 10 in Invocations
  6033 | D:5      | Reached XP level 8. HP: 37/58 MP: 16/22
  6281 | D:5      | Found an iron altar of Okawaru.
  6737 | D:5      | Found Petac's Book Boutique.
  6876 | D:6      | Found a glowing silver altar of Zin.
  6876 | D:6      | Found a glowing golden altar of the Shining One.
  6876 | D:6      | Found a white marble altar of Elyvilon.
  7108 | D:6      | Reached skill level 11 in Invocations
  7175 | D:6      | Reached XP level 9. HP: 32/67 MP: 13/24
  7364 | D:6      | Found an opulent altar of Gozag.
  7442 | D:6      | Reached skill level 5 in Fighting
  7676 | D:6      | Reached skill level 12 in Invocations
  7899 | D:6      | Found a deep blue altar of Sif Muna.
  8367 | D:7      | Found a shadowy altar of Dithmenos.
  8832 | D:7      | Found a staircase to the Ecumenical Temple.
  8936 | D:8      | Found a staircase to the Lair.
  8940 | D:8      | Noticed Fiveotanaka's ghost (experienced TrMo)
  9194 | D:8      | Noticed Gastronok
  9281 | D:7      | HP: 2/69 [killer bee (5)]
  9282 | D:7      | Slain by a killer bee

Action                   |  1- 3 |  4- 6 |  7- 9 || total
-------------------------+-------+-------+-------++-------
Melee: Unarmed           |    24 |       |       ||    24
       Club              |    79 |       |       ||    79
       Trident           |    57 |   183 |    13 ||   253
       Long sword        |       |    27 |   211 ||   238
Invok: Lesser Healing    |    44 |    56 |    41 ||   141
       Lesser Self-Heali |     1 |     1 |       ||     2
       Purification      |       |     1 |       ||     1
       Greater Healing   |       |       |     4 ||     4
 Abil: Evoke Invisibilit |       |     1 |       ||     1
       Dig               |       |       |     2 ||     2
  Use: Potion            |     2 |       |     2 ||     4
       Scroll            |     1 |       |    14 ||    15
 Stab: Invisible         |       |     3 |       ||     3
  Eat: Bread ration      |     2 |     1 |     3 ||     6
       Chunk             |     2 |    14 |    12 ||    28
